 Dungeon Crawl Stone Soup version 0.26.1-11-gd32895ea62 (webtiles) character file.

Game seed: 4106658346997876602

30 nomophobia the Skirmisher (level 3, -1/30 HPs)
             Began as a Demonspawn Abyssal Knight on May 20, 2021.
             Was a Believer of Lugonu.
             Slain by a worm (7 damage)
             ... on level 2 of the Dungeon.
             The game lasted 00:08:05 (1041 turns).

nomophobia the Skirmisher (DsAK)                    Turns: 1041, Time: 00:08:05

Health: -1/30      AC:  5    Str: 13    XL:     3   Next: 5%
Magic:  4/4        EV: 10    Int: 13    God:    Lugonu [**....]
Gold:   98         SH:  0    Dex: 12    Spells: 2/2 levels left

rFire    . . .     SeeInvis .   a - +1 hand axe
rCold    . . .     Faith    .   (no shield)
rNeg     . . .     Spirit   .   h - +0 ring mail
rPois    .         Reflect  .   (no helmet)
rElec    .         Harm     .   (no cloak)
rCorr    .         Rampage  .   (no gloves)
Will     .....                  (no boots)
Stlth    ..........             (no amulet)
HPRegen  0.10/turn              (no ring)
MPRegen  0.09/turn              (no ring)

@: no status effects
A: hooves 1
a: Renounce Religion, Depart the Abyss, Bend Space


You were on level 2 of the Dungeon.
You worshipped Lugonu.
Lugonu was pleased with you.
You visited 1 branch of the dungeon, and saw 2 of its levels.
You visited the Abyss 1 time.

You collected 98 gold pieces.

Inventory:

Hand Weapons
 a - a +1 hand axe (weapon)
Armour
 h - a +0 ring mail (worn)
Jewellery
 b - an uncursed ring of stealth {unknown}
 f - a cursed ring of positive energy
 j - a cursed ring of attention
Scrolls
 c - 2 scrolls of amnesia {unknown}
 i - a scroll of immolation {unknown}
 k - a scroll of blinking {unknown}
Potions
 d - a potion of brilliance {unknown}
 e - a potion of resistance {unknown}
 g - 2 potions of attraction


   Skills:
 + Level 3.7 Fighting
 - Level 1.7 Axes
 + Level 2.1 Armour
 - Level 0.8 Dodging
 + Level 1.0 Unarmed Combat
 - Level 2.4 Invocations


You had 2 spell levels left.
You didn't know any spells.
Your spell library was empty.

Dungeon Overview and Level Annotations

Branches:
Dungeon (2/15)

Altars:
Uskayaw


Innate Abilities, Weirdness & Mutations

You have large cloven feet.


Message History

You hit the worm.
The worm is moderately wounded.
A worm comes into view.
The worm misses you.
You hit the worm but do no damage.
The worm is moderately wounded.
The worm bites you!
You completely miss the worm.
The worm is lightly wounded.
You hit the worm but do no damage. Your kick misses the worm.
The worm is lightly wounded.
The worm bites you.
You completely miss the worm.
The worm is lightly wounded.
You hit the worm. The worm misses you. The worm bites you!
* * * LOW HITPOINT WARNING * * *
You hit the worm. You kick the worm.
The worm is heavily wounded.
You hit the worm. The worm bites you!
You die...

.............
##.#...#####. #.
.#.##.## #.# ....#.# #.#
.#..#.######.##.# #
................#####.#
#.#......###. #...?...##
#...####.# #.##.†w......
########.###....@w......
# #.........###.##.#####
# #.####.##.# #.# # #
#.# #.##.# #.# # #.#
#.##.# #.# # #.#
#.##.###.# # #.#
#<##.....#.. # #.#
#............# ###.##
##########..#.#


You could see 2 worms.

Vanquished Creatures
  A worm (D:2)
  2 leopard geckos (D:1)
  3 bats
  3 giant cockroaches
  3 goblins
  3 hobgoblins (D:1)
  A frilled lizard (D:2)
  3 kobolds
  6 rats
25 creatures vanquished.

Notes
Turn   | Place    | Note
-------+----------+-------------------------------------------
     0 | Abyss:1  | nomophobia the Demonspawn Abyssal Knight began the quest
                  | for the Orb.
     0 | Abyss:1  | Reached XP level 1. HP: 18/18 MP: 2/2
    13 | D:1      | Escaped the Abyss
   210 | D:1      | Gained mutation: You have large cloven feet. [demonic
                  | ancestry]
   210 | D:1      | Reached XP level 2. HP: 20/24 MP: 3/3
   645 | D:2      | Reached ** piety under Lugonu
   680 | D:2      | Reached skill level 1 in Unarmed Combat
   909 | D:2      | Found a hide-covered altar of Uskayaw.
  1032 | D:2      | Reached XP level 3. HP: 30/30 MP: 4/4
  1041 | D:2      | Slain by a worm

Illustrated notes

Levels and vault maps discovered:
D:1:      dpeg_arrival_houses_and_road, layout_basic
D:2:      layout_loops_ring, old_standard_altar

Skill      XL: |  1  2 |
---------------+-------+-----
Armour         | 2 |  2.1
Unarmed Combat | 1 |  1.0
Fighting       | |  3.7
Axes           | |  1.7
Dodging        | |  0.8
Invocations    | |  2.4

Action                   || total
-------------------------++-------
Melee: Hand axe          ||    62
       Kick              ||     6
  Use: Scroll            ||     3
Armor: Leather armour    ||     8
       Ring mail         ||    23
Dodge: Dodged            ||    44
